[Event "German Bundesliga 2021-22"]
[Site "Germany"]
[Date "2022.04.10"]
[Round "4.2"]
[White "Bluebaum, Matthias"]
[Black "Nagy, Gabor"]
[Result "1-0"]
[ECO "D31"]
[WhiteElo "2642"]
[BlackElo "2530"]
[Annotator "TA"]
[PlyCount "85"]
[EventDate "2022.03.05"]
[EventType "team-tourn"]
[EventCountry "GER"]
[SourceTitle "playchess.com"]
[Source "ChessBase"]
[SourceQuality "1"]
[TimeControl "40/5400+30:1800+30"]

1. d4 d5 2. c4 e6 3. Nc3 Bb4 4. e3 Nf6 5. Nf3 O-O 6. Bd2 b6 7. cxd5 exd5 8. Rc1 a6 9. Bd3 Bb7 10. O-O Bd6 11. Ne5 {[%emt 0:00:53] E52: Nimzo-Indian: Rubinstein: 4...0-0 5 Nf3 d5 6 Bd3 b6.} c5 12. f4 Nc6 13. Ng4 {[%emt 0:00:42] White has an edge.} Be7 14. Nxf6+ Bxf6 15. dxc5 (15. Qh5 g6 16. Qf3 Nb4 $11) 15... bxc5 (15... Nb4 16. Bb1 $16) 16. b3 (16. Qh5 g6 17. Qf3 (17. Qxd5 $2 Bxc3 18. Qxd8 Rfxd8 $19) 17... c4 $15) 16... c4 17. bxc4 Nb4 18. Bb1 {[%emt 0:05:18] [#]} d4 $146 (18... dxc4 $11 {remains equal.} 19. Ne4 Bxe4 20. Bxe4 Nd3) ({Predecessor:} 18... dxc4 19. Ne4 Bxe4 20. Bxe4 c3 21. Bxa8 Qxd2 22. Qxd2 cxd2 23. Rc4 Nxa2 24. Bf3 Rd8 {½-½ (31) Aczel,G (2553)-Kozak,A (2526) Budapest 2021}) 19. Na4 a5 20. Nc5 Bc6 21. a3 (21. Qh5 g6 22. Qh3 Re8 $11) (21. Bxb4 $5 axb4 22. Qd3 $14) 21... Na6 22. Nxa6 (22. Ne4 $5 Re8 23. Nxf6+ Qxf6 24. exd4 (24. Bxa5 dxe3 25. Qe2 Nc5 $14) 24... Qxd4+ 25. Rf2 $11) 22... Rxa6 23. e4 {[%emt 0:06:09][%cal Be3e4,Be4e5][%mdl 32] With the idea Bd3.} d3 24. e5 Be7 {[%emt 0:00:34] Hoping for ...Bc5+.} 25. Be3 {[%emt 0:01:46] Prevents Bc5. Black must now prevent Rc3.} Bxa3 26. Rc3 $40 {[%emt 0:00:13][%mdl 128] Black needs to defend precisely.} (26. Qxd3 $2 Qxd3 27. Bxd3 Bxc1 28. Bxc1 Rd8 $19) 26... Bb4 27. Rxd3 Qe7 28. Bf2 a4 29. Qe2 a3 30. Rh3 (30. f5 $5 Re8 31. Re3 $14) 30... g6 31. f5 {[%emt 0:01:48] And now f6 would win.} Bc5 {[%emt 0:01:19] aiming for ...Rb8.} ({Much less strong is} 31... Qg5 32. Rg3 Qd2 33. Qxd2 Bxd2 34. e6 $16) 32. f6 Bxf2+ 33. Rxf2 Qb4 {[%emt 0:01:55] A mistake that costs the game.} (33... Qc5 $1 $11 {and Black has nothing to worry.}) 34. Ba2 $1 $18 {[%emt 0:00:27] e6 is the strong threat.} Re8 (34... Rd8 {is more resistant.} 35. e6 Be8) 35. c5 {[%emt 0:02:21] White is clearly winning.} Bb5 36. Qe3 (36. Bxf7+ Kf8 37. Qd1 Rxe5 $19) 36... Rae6 37. Rf4 $1 Qb2 38. Bxe6 {[%emt 0:00:07][%cal Oh3h7] White threatens Rxh7! and mate.} Rxe6 {[%emt 0:01:17] [#]} 39. Rxh7 $3 Qb1+ 40. Kf2 Qb2+ 41. Kg3 Qxe5 42. Qxe5 Rxe5 {[%emt 0:00:00] [#]} 43. Rfh4 $1 {[%emt 0:00:00] Weighted Error Value: White=0.06 (flawless) /Black=0.37} 1-0

[Event "German Bundesliga 2021-22"]
[Site "Germany"]
[Date "2022.04.10"]
[Round "4.2"]
[White "Fridman, Daniel"]
[Black "Prusikin, Michael"]
[Result "1/2-1/2"]
[ECO "A09"]
[WhiteElo "2626"]
[BlackElo "2540"]
[Annotator "TA"]
[PlyCount "106"]
[EventDate "2022.03.05"]
[EventType "team-tourn"]
[EventCountry "GER"]
[SourceTitle "playchess.com"]
[Source "ChessBase"]
[SourceQuality "1"]
[TimeControl "40/5400+30:1800+30"]

1. Nf3 d5 2. c4 d4 3. g3 Nc6 4. Bg2 e5 5. d3 Bd6 6. O-O Nf6 7. Na3 {[%emt 0:02:14] is the legacy move (7.e3). A09: Réti Opening: 1 Nf3 d5 2 c4.} O-O 8. Bg5 (8. e3 {is more complex.} Bg4 9. Nb5 Qd7 10. Nxd6 cxd6 11. exd4 Nxd4 12. b3) 8... Bxa3 9. bxa3 {[%emt 0:00:08] Black is slightly better.} h6 {[%emt 0:00:00] [#]} 10. Bc1 $146 ({Predecessor:} 10. Bxf6 Qxf6 11. Rb1 Rb8 12. Nd2 Bg4 13. h3 Bd7 14. Qa4 Qe7 15. Rb2 a6 16. Rfb1 Nd8 {1-0 (29) Gaerths,R-Kapr,K Germany 1992}) 10... Re8 11. Rb1 Rb8 12. Re1 b6 13. Nd2 Bb7 14. Nb3 Qd7 15. e3 dxe3 16. Bxe3 Nd8 17. Bxb7 (17. d4 $15) 17... Nxb7 $17 18. d4 Qh3 19. Qf3 Nd6 (19... c5 20. dxc5 Nxc5 21. Nxc5 (21. Bxc5 bxc5 22. Nd2 Rxb1 $15) 21... bxc5 22. Rxb8 (22. Bxc5 e4 $15) 22... Rxb8 23. Bxc5 $11) 20. dxe5 Rxe5 {[%emt 0:00:43] Threatens to win with ...Rbe8.} 21. c5 (21. Bd4 $15 Re6 22. Rxe6 Qxe6 23. Bxf6 Qxf6 24. Qxf6 gxf6 25. a4) 21... Nf5 22. cxb6 axb6 23. Bf4 $2 {[%emt 0:00:16] [#]} (23. Nd4 $17 Nxe3 24. Rxe3) 23... Nh4 $1 $19 24. Qh1 Rf5 25. Re3 {[%emt 0:07:42] [#]} Rxf4 26. gxf4 Qg4+ (26... Qf5 $2 27. Rbe1 $17) 27. Kf1 Qxf4 {[%emt 0:00:13] aiming for ...Ng4.} 28. Rbe1 Rd8 (28... Ng4 29. Re8+ Rxe8 30. Rxe8+ Kh7 31. Qe4+ Qxe4 32. Rxe4 $16) 29. h3 Rd5 30. Rc3 $2 (30. Re4 Nxe4 31. Qxe4) 30... Rf5 31. Re2 c5 32. Qg1 (32. Nd2 $142 Qd4 33. Rce3) 32... Rg5 33. Rg3 c4 $2 (33... Rd5 {( -> ...Rd1+)} 34. Ke1 Nf3+ 35. Rxf3 Qxf3) 34. Rxg5 hxg5 35. Qg3 Qf5 ({Stronger than} 35... cxb3 36. Qxf4 gxf4 37. axb3 $11) 36. Nd2 {[%emt 0:00:24] [#]} Qd5 $1 37. f4 c3 38. Qxc3 Qh1+ ({And not} 38... gxf4 39. Kg1 $17) 39. Kf2 gxf4 {[%emt 0:00:52][%cal Of4f3] And now ...f3! would win.} 40. Qd3 {[%emt 0:01:05] Inhibits f3.} (40. Re7) 40... Qg2+ $2 (40... f3 $1 $19 41. Re7 Qxh3) 41. Ke1 $17 Qg1+ {[%emt 0:00:00][%mdl 1024] Black has strong compensation.} 42. Nf1 g6 ({Of course not} 42... Ng2+ $6 43. Kd2 $11) 43. Rc2 {[%emt 0:00:00] [#]} (43. Rf2 $142) 43... Kg7 (43... Qh1 $142 $1 {Strongly threatening ...Nf3+.} 44. Rf2 g5) 44. Kd2 Nf5 {[%emt 0:00:00] White must now prevent ...Nd4. Pair of Knights!} 45. Kc3 {[%emt 0:01:37] [#] Inhibits Nd4.} ({Better is} 45. Rc4) 45... Nd7 $1 46. Qxd7 {[%emt 0:05:18] Qd3 is the strong threat.} Qxf1 {[%emt 0:01:38][%mdl 4096] Endgame KQR-KQN} 47. Qd3 Qa1+ (47... Qe1+ $17 48. Kb2 Qe5+ 49. Kb1 Kh6) 48. Kd2 $1 $11 {[%emt 0:00:08] Hoping for Qc3+. The position is equal.} Qg1 49. Rc4 Qg2+ 50. Qe2 Qd5+ 51. Qd3 $1 Qg2+ 52. Qe2 Qd5+ 53. Qd3 $1 Qg2+ {[%emt 0:01:06] Black had all chances to win.  Weighted Error Value: White=0.37/Black=0.37} 1/2-1/2

[Event "German Bundesliga 2021-22"]
[Site "Germany"]
[Date "2022.04.10"]
[Round "4.2"]
[White "Papp, Gabor"]
[Black "Rabiega, Robert"]
[Result "1-0"]
[ECO "E04"]
[WhiteElo "2576"]
[BlackElo "2505"]
[Annotator "TA"]
[PlyCount "63"]
[EventDate "2022.03.05"]
[EventType "team-tourn"]
[EventCountry "GER"]
[SourceTitle "playchess.com"]
[Source "ChessBase"]
[SourceQuality "1"]
[TimeControl "40/5400+30:1800+30"]

1. Nf3 d5 2. c4 e6 3. d4 Nf6 4. g3 dxc4 5. Bg2 Nc6 6. Qa4 Nd7 {[%emt 0:00:00] E04: Open Catalan: 5 Nf3.} 7. Qxc4 Nb6 8. Qb5 a6 {[%emt 0:06:07] White is slightly better.} 9. Qd3 e5 10. Nxe5 Nb4 11. Qd1 {[%emt 0:00:00] Strongly threatening 0-0.} Qxd4 $1 {[%emt 0:03:23][%mdl 64] Decoy} 12. Qxd4 Nc2+ 13. Kd1 Nxd4 14. Be3 Nf5 15. Bxb6 cxb6 16. Nc3 Bc5 17. Nd3 O-O 18. Nxc5 bxc5 19. e3 {[%emt 0:00:10] [#]} Rb8 $146 ({Predecessor:} 19... Be6 20. Kc2 Nd6 21. Rad1 Rad8 22. Bd5 b5 23. Bxe6 fxe6 24. Rd2 Kf7 25. Rhd1 Ke7 {½-½ (45) Filip,L (2470)-David,A (2622) Rethymno 2010}) 20. Ke2 b6 21. Rhd1 Bb7 22. Bxb7 Rxb7 23. Rd2 Re8 24. Rad1 Kf8 25. Rd7 Rxd7 26. Rxd7 $16 {[%emt 0:00:06][%mdl 4096] Endgame KRN-KRN} b5 (26... Nd4+ $1 $14 27. Kf1 Nc6) 27. Kf3 c4 28. Nd5 Ne7 $2 (28... Re6 $16 {is more resistant.}) 29. Nxe7 $18 Rxe7 30. Rd8+ Re8 {[%emt 0:00:12] [#]} 31. Rxe8+ Kxe8 {[%emt 0:00:07] [#]} 32. Ke4 $1 {[%emt 0:00:04] Weighted Error Value: White=0.02 (flawless) /Black=0.40} 1-0

[Event "German Bundesliga 2021-22"]
[Site "Germany"]
[Date "2022.04.10"]
[Round "4.3"]
[White "Martinovic, Sasa"]
[Black "Anton Guijarro, David"]
[Result "0-1"]
[ECO "E12"]
[WhiteElo "2554"]
[BlackElo "2691"]
[Annotator "TA"]
[PlyCount "68"]
[EventDate "2022.03.05"]
[EventType "team-tourn"]
[EventCountry "GER"]
[SourceTitle "playchess.com"]
[Source "ChessBase"]
[SourceQuality "1"]
[TimeControl "40/5400+30:1800+30"]

1. d4 {[%emt 0:00:00] ChessBase II} Nf6 2. c4 e6 3. Nf3 b6 4. a3 Bb7 5. Bf4 Be7 6. Nc3 Ne4 7. Nxe4 Bxe4 8. e3 a5 $5 {[%emt 0:01:55][%mdl 4] An interesting side line. E12: Queen's Indian: Unusual White 4th moves, 4 a3, 4 Nc3 Bb7 5 a3 and 4 Nc3 Bb7 .} 9. Bd3 Bxd3 10. Qxd3 a4 {[%emt 0:02:13] White has an edge.} 11. O-O O-O 12. e4 d6 13. Rad1 {[%emt 0:01:18] [#]} h6 $146 ({Predecessor:} 13... Nd7 14. Rfe1 Re8 15. h3 Nf8 16. Qc2 Qd7 17. Re3 Ng6 18. Bh2 Red8 19. Rc3 Rac8 20. Rcd3 Qe8 21. Bg3 h6 22. R1d2 Kh8 23. Rd1 Kg8 24. R1d2 Kh8 25. Rd1 {½-½ (25) Sanikidze,T (2542)-Romanov,E (2624) Aix les Bains 2011 CBM 142 Extra [ChessBase II]}) 14. Rfe1 Re8 15. Qc2 Bf8 16. Rd3 Qf6 17. Qd2 Nc6 18. e5 Qf5 19. exd6 (19. h3 $11) 19... cxd6 $15 20. d5 Na5 (20... exd5 21. Rxd5 Rxe1+ 22. Nxe1 $11) 21. Nd4 Qf6 22. dxe6 Nxc4 23. Qc1 d5 (23... Rac8 $1 $15 {should be considered.} 24. exf7+ Qxf7 25. Rxe8 Qxe8) 24. exf7+ $11 Qxf7 25. Bd2 Nxd2 26. Qxd2 Re4 27. Ree3 Bc5 {[%emt 0:02:04] Hoping for ...Qf6.} 28. Rf3 {[%emt 0:02:13] Inhibits Qf6.} Rae8 $40 {[%emt 0:00:34][%cal Ba8e8,Be8e5,Be5h5,Bh5h4,Bh4h5][%mdl 160] Black is up to no good.} 29. g3 $1 ({But not} 29. Nc2 Qg6 30. Qd1 (30. Rxd5 $2 Re2 $19) 30... Kh8 $15) 29... Qd7 {[%emt 0:05:37] And now ...Qh3 would win.} 30. Kg2 {[%emt 0:00:29] Against Qh3+} ({Of course not} 30. Rfe3 h5 $17) 30... R8e5 31. Qc3 $2 {[%emt 0:07:31][%mdl 8192] [#]} (31. h3 $11) 31... Rh5 $1 $19 32. h4 $2 (32. g4 Rxg4+ 33. Rg3) 32... Qg4 $1 {[%emt 0:00:40][%csl LRd4,LRh4] Threatens to win with ...Rxh4.} 33. Nc2 Rxh4 {[%emt 0:01:02] ( -> ...Qh3+)} 34. Kg1 Rh5 {[%emt 0:00:32] Weighted Error Value: White=0.87/Black=0.05 (flawless)} 0-1

[Event "German Bundesliga 2021-22"]
[Site "Germany"]
[Date "2022.04.10"]
[Round "4.3"]
[White "Richter, Michael"]
[Black "Engel, Luis"]
[Result "0-1"]
[ECO "D04"]
[WhiteElo "2496"]
[BlackElo "2564"]
[Annotator "TA"]
[PlyCount "124"]
[EventDate "2022.03.05"]
[EventType "team-tourn"]
[EventCountry "GER"]
[SourceTitle "playchess.com"]
[Source "ChessBase"]
[SourceQuality "1"]
[TimeControl "40/5400+30:1800+30"]

1. d4 Nf6 2. Nf3 d5 3. e3 c5 4. dxc5 e6 5. a3 a5 6. c4 Bxc5 7. Nc3 O-O 8. cxd5 exd5 9. Be2 Nc6 10. O-O Be6 11. Nb5 {[%emt 0:06:26] D32: Tarrasch Defence: Sidelines and lines without g3.} Ne4 12. Bd2 {[%emt 0:24:22] [#]} Qf6 $146 ({Predecessor:} 12... Qb6 13. Bc3 Nxc3 14. bxc3 a4 15. Qc2 Qd8 {½-½ (15) Frey Beckman,K (2410)-Dlugy,M (2485) Havana 1985}) 13. Bc3 {[%emt 0:00:18] The position is equal.} Nxc3 14. bxc3 Rac8 15. a4 Rfd8 16. Nfd4 Ne5 17. Rb1 g6 18. f4 Nc6 19. Bd3 Bxd4 20. exd4 Bf5 21. Bxf5 Qxf5 22. g4 Qd7 23. Qf3 (23. f5 $1 $14) 23... f5 $11 24. gxf5 Qxf5 25. Rb2 Rd7 26. Rg2 Ne7 27. Rg5 Qf6 28. Re5 Qf7 29. Rfe1 Nf5 {[%emt 0:03:53] Prevents Nd6.} 30. Qe2 Ng7 31. Rf1 Rc6 32. Kh1 h6 33. Qg4 Kh7 34. h3 Rf6 35. Kh2 Re7 36. Kg2 (36. Rf2 $15) 36... Re8 (36... Qf8 $17) 37. Qe2 $15 Rf8 38. Re7 Re6 39. Qxe6 Nxe6 40. Rxf7+ Rxf7 $11 {[%emt 0:00:04][%mdl 4096] Endgame KRN-KRN} 41. Kg3 g5 42. f5 Ng7 43. Kg4 Ne8 44. Rb1 (44. Re1 $11 {remains equal.} Nf6+ 45. Kf3) 44... Nf6+ $1 $17 45. Kf3 Ne4 {[%emt 0:00:00] Prevents Nd6. aiming for ...Nd2+.} 46. Ke3 {[%emt 0:00:05] Prevents Nd2.} Re7 $1 {[%emt 0:00:00] Hoping for ...Nxc3+.} (46... Rxf5 47. c4 $15) 47. Kd3 {[%emt 0:02:05] [#]} Nf2+ $1 48. Kd2 {[%emt 0:00:11] [#]} Nxh3 {[%emt 0:00:00] &Nero is more active.} ({Black should play} 48... Rd7 $1 $17 49. h4 Ne4+ 50. Ke3 Re7) 49. Nd6 $15 h5 50. f6 ({But not} 50. Rxb7 Rxb7 51. Nxb7 Nf2 $17) 50... Rd7 51. Rxb7 Rxb7 52. Nxb7 {[%emt 0:00:04] KN-KN} h4 ({Of course not} 52... Kg6 53. Nxa5 g4 54. Ke3 $11) (52... Nf2 $15 53. Nd6 h4) 53. Ke3 $11 Nf4 54. Kf3 Nh5 {[%emt 0:08:10] White must now prevent ...h3.} 55. f7 Kg7 56. Nd6 $2 {[%emt 0:00:30][%mdl 8192] This costs White the game.} (56. Kg4 $11 Nf6+ 57. Kh3 (57. Kxg5 $2 h3 $19)) 56... h3 $19 {[%emt 0:01:54][%cal Og5g4,Bh4h3,Bh3h2][%mdl 32] Threatens to win with ...g4+!} 57. Kf2 g4 58. Nf5+ Kf8 {[%emt 0:00:06] Black mates.} 59. Ne3 g3+ 60. Kf3 h2 61. Kg2 Nf4+ 62. Kh1 Nd3 {[%emt 0:00:14] Weighted Error Value: White=0.45/Black=0.08 (flawless)} 0-1

[Event "German Bundesliga 2021-22"]
[Site "Germany"]
[Date "2022.04.10"]
[Round "4.3"]
[White "Koch, Thomas"]
[Black "Kollars, Dmitrij"]
[Result "0-1"]
[ECO "D37"]
[WhiteElo "2458"]
[BlackElo "2635"]
[Annotator "TA"]
[PlyCount "118"]
[EventDate "2022.03.05"]
[EventType "team-tourn"]
[EventCountry "GER"]
[SourceTitle "playchess.com"]
[Source "ChessBase"]
[SourceQuality "1"]
[TimeControl "40/5400+30:1800+30"]

1. d4 Nf6 2. c4 e6 3. Nf3 d5 4. Nc3 Nbd7 5. Bg5 h6 6. Bh4 Be7 7. e3 c6 8. Bd3 dxc4 9. Bxc4 b5 10. Bd3 {[%emt 0:00:00] D53: Queen's Gambit Declined: 4 Bg5 Be7: Early deviations.} Bb7 11. O-O O-O 12. e4 ({White should play} 12. a3 $11) 12... b4 $15 13. Na4 c5 {[%emt 0:02:18] [#]} 14. e5 $146 ({Predecessor:} 14. Nxc5 Nxc5 15. dxc5 Nxe4 16. Bxe7 Qxe7 17. c6 Bxc6 18. Qc2 Qb7 19. Rfe1 Nf6 20. Be2 {0-1 (43) Semenenko,D-Goryachkina,A (2582) Chess.com INT 2020}) 14... Nd5 15. Bxe7 Qxe7 16. Re1 Rfd8 17. Rc1 Rac8 18. Be4 Rc7 19. Nd2 Rdc8 (19... Ba8 $5 ) 20. Nxc5 Nxc5 21. Rxc5 Rxc5 22. dxc5 Rxc5 23. g3 Nb6 24. Nb3 Rc8 25. Qd4 Rc4 26. Qd3 {[%emt 0:00:32] And now Bxb7 would win.} Bxe4 27. Rxe4 Qc7 28. Rd4 Rxd4 29. Qxd4 Qc2 30. Qxb4 (30. Nd2 $11) 30... Qxb2 31. Qa5 Qb1+ 32. Kg2 Qe4+ 33. Kf1 Qh1+ (33... Nc4 {seems wilder.} 34. Qxa7 Nxe5 35. Nd2 Qd5) 34. Ke2 Qxh2 35. Qxa7 Qh5+ 36. Kf1 Qh1+ 37. Ke2 Qe4+ 38. Kf1 Nd5 39. Nc5 Qh1+ ({But not} 39... Qxe5 40. Nd7 Qf5 41. Qb8+ Kh7 42. Nf8+ Kh8 43. Ng6+ Kh7 44. Nf8+ Kh8 45. Ng6+ Kh7 46. Nf8+ $11) 40. Ke2 Qb1 41. a4 Nc3+ (41... h5 $17 42. Qa5 Qc1) 42. Kd2 $11 Qb2+ 43. Kd3 Nd1 {[%emt 0:02:31] Strongly threatening ...Qc3+.} (43... Qxf2 $2 44. Kxc3 Qe1+ 45. Kc4 Qe2+ 46. Kb3 $18) (43... Nd5 $5 44. Nd7 Qb1+ 45. Ke2 Qe4+ 46. Kd2 Qb4+ 47. Ke2 Qe4+ 48. Kd2 Qb4+ 49. Ke2 h5 $15) 44. Nd7 Nxf2+ 45. Kc4 $1 {[%emt 0:00:08] aiming for Qb8+.} Qe2+ 46. Kb3 h5 {[%emt 0:03:32] Hoping for ...Qf3+.} 47. Qd4 $2 (47. a5 $1 $11 {and White has nothing to worry.}) 47... Ng4 $19 48. Kb4 {[%emt 0:05:49] [#]} Ne3 $1 {[%emt 0:00:34] ...Nc2+ is the strong threat.} 49. Ka5 Nd5 50. Nb6 Qe1+ 51. Ka6 $2 (51. Kb5 {was the only chance.} Nc3+ 52. Kc6) 51... Qxg3 52. Nxd5 exd5 {[%emt 0:00:01][%mdl 4096] Endgame KQ-KQ} 53. a5 h4 {[%emt 0:00:09][%cal Bh5h4,Bh4h3,Bh3h2][%mdl 32] Threatens to win with ...h3.} 54. Kb6 $2 (54. Kb7 h3 55. a6) 54... h3 {[%emt 0:01:19] ( -> ...h2)} 55. a6 h2 56. a7 Qb3+ 57. Kc7 Qa2 (57... Qa3 $142 58. Kb7 h1=Q 59. a8=R+ {[#]} Qxa8+ $3 60. Kxa8 Qe4) 58. e6 fxe6 (58... h1=Q $142 59. Qf2 Qc1+ 60. Kb7 Qxf2 61. a8=Q+ Kh7 62. Qd8 fxe6 63. Qc7 Qcb2+ 64. Kc6 Qb4 65. Qd8 Qbc5+ 66. Kb7 Qa7+ 67. Kc8 Qfc5+ 68. Qc7 Qcxc7#) 59. Qb6 Kh7 {[%emt 0:03:33] Weighted Error Value: White=0.52/Black=0.28 (precise)} 0-1

[Event "German Bundesliga 2021-22"]
[Site "Germany"]
[Date "2022.04.10"]
[Round "4.3"]
[White "Nestorovic, Nikola"]
[Black "Neiksans, Arturs"]
[Result "1/2-1/2"]
[ECO "D02"]
[WhiteElo "2456"]
[BlackElo "2577"]
[Annotator "TA"]
[PlyCount "40"]
[EventDate "2022.03.05"]
[EventType "team-tourn"]
[EventCountry "GER"]
[SourceTitle "playchess.com"]
[Source "ChessBase"]
[SourceQuality "1"]
[TimeControl "40/5400+30:1800+30"]

1. d4 d5 2. Nf3 e6 3. Bg5 Be7 4. h4 h6 5. Bf4 c5 6. c3 {[%emt 0:00:14] D02: 1 d4 d5 2 Nf3 sidelines, including 2...Nf6 3 g3 and 2...Nf6 3 Bf4.} Bd6 {[%emt 0:04:32] [#]} 7. e3 $146 ({Predecessor:} 7. g3 Nc6 8. e3 Nf6 9. Nbd2 O-O 10. Bd3 Qe7 11. Ne5 {½-½ (11) Casagrande,H (2340)-Sommerbauer,N (2452) Austria 2005}) 7... Qc7 8. Bxd6 {[%emt 0:25:31] White has an edge.} Qxd6 9. dxc5 Qxc5 10. Qd4 Qxd4 11. cxd4 Nf6 12. Ne5 Bd7 13. Nc3 Nc6 14. Nxd7 Nxd7 {[%emt 0:02:17] The position is equal.} 15. Kd2 Ke7 16. Be2 (16. Bd3 {keeps more tension.} Rac8 17. Rab1 Nb4 18. Bb5) 16... Rac8 17. Rhc1 Rhd8 18. Bb5 a6 19. Bxc6 Rxc6 20. Ne2 Rdc8 {[%emt 0:00:04] Weighted Error Value: White=0.07 (flawless) /Black=0.09 (flawless)} 1/2-1/2

[Event "German Bundesliga 2021-22"]
[Site "Germany"]
[Date "2022.04.10"]
[Round "4.4"]
[White "Amin, Bassem"]
[Black "Horvath, Dominik"]
[Result "1-0"]
[ECO "B30"]
[WhiteElo "2682"]
[BlackElo "2483"]
[Annotator "TA"]
[PlyCount "45"]
[EventDate "2022.03.05"]
[EventType "team-tourn"]
[EventCountry "GER"]
[SourceTitle "playchess.com"]
[Source "ChessBase"]
[SourceQuality "1"]
[TimeControl "40/5400+30:1800+30"]

1. e4 c5 2. Nf3 Nc6 3. Bb5 e6 4. O-O Nge7 5. Re1 b6 6. c3 {[%emt 0:02:42] B30: Sicilian: 2...Nc6 3 Bb5, lines without ...g6.} a6 7. Bf1 d5 8. e5 {[%emt 0:01:20] The position is equal.} d4 9. d3 Bb7 10. Nbd2 Ng6 11. g3 {[%emt 0:03:24] [#]} Qc7 $146 (11... Be7 $142) ({Predecessor:} 11... Qd5 12. c4 Qd7 13. Bg2 O-O-O 14. a3 f6 15. exf6 gxf6 16. Ne4 Be7 17. Bh3 f5 {0-1 (76) Markantonaki,H (2174)-Gajcin,M (2198) Terme Catez 2021}) 12. cxd4 cxd4 13. Bg2 Nb4 14. Nc4 b5 {[%emt 0:00:17] [#]} 15. Nd6+ (15. a3 $1 $14) 15... Bxd6 $11 16. exd6 Qc2 {[%emt 0:15:44] [#]} (16... Qxd6 $11 {remains equal.} 17. a3 Nd5) 17. Bd2 $1 $16 ({Don't do} 17. Nxd4 $6 Qxd1 18. Rxd1 Bxg2 19. Kxg2 Kd7 $11) 17... Qxd1 18. Rexd1 Nxd3 {[%emt 0:02:46] [#]} 19. b3 {[%emt 0:00:36] Hoping for Ba5.} ({Worse is} 19. Nxd4 Bxg2 20. Kxg2 Nxb2 $15) 19... Bd5 20. Ba5 Nc5 21. Rxd4 {[%emt 0:01:06] &Bianco is more active.} Kd7 $2 (21... Ne4 $16 {was called for.}) 22. Rc1 $18 Rac8 23. Bc7 {[%emt 0:00:19] Weighted Error Value: White=0.10 (very precise) /Black=0.38} 1-0

[Event "German Bundesliga 2021-22"]
[Site "Germany"]
[Date "2022.04.10"]
[Round "4.4"]
[White "Heimann, Andreas"]
[Black "Lemmers, Oscar"]
[Result "1/2-1/2"]
[ECO "B41"]
[WhiteElo "2581"]
[BlackElo "2346"]
[Annotator "TA"]
[PlyCount "43"]
[EventDate "2022.03.05"]
[EventType "team-tourn"]
[EventCountry "GER"]
[SourceTitle "playchess.com"]
[Source "ChessBase"]
[SourceQuality "1"]
[TimeControl "40/5400+30:1800+30"]

1. e4 c5 2. Nf3 e6 3. d4 cxd4 4. Nxd4 a6 5. c4 Nf6 6. Nc3 Bb4 7. Qd3 {[%emt 0:00:00] is cutting edge theory. B41: Sicilian: Kan Variation: 5 c4.} d6 8. Nc2 Bxc3+ 9. Qxc3 {[%emt 0:00:00] White is slightly better.} O-O 10. Bd3 d5 11. exd5 exd5 12. O-O {[%emt 0:00:04] Active counter play!} dxc4 13. Bxc4 {[%emt 0:00:23] [#]} Qc7 $146 ({Predecessor:} 13... Nc6 14. b3 Ne4 15. Qf3 Nd2 16. Bxd2 Qxd2 17. Ne3 Ne5 18. Qg3 Nxc4 19. Nxc4 Qb4 {½-½ (67) McShane,L (2667)-Druska,J (2508) Terme Catez 2021}) 14. Qd4 Nc6 {[%emt 0:11:11] The position is equal.} 15. Qf4 Ne5 16. Ne3 Nh5 {[%emt 0:03:14] Pair of Knights!} 17. Qh4 Nxc4 18. Nxc4 {[%emt 0:00:08] [#] aiming for Be3.} Be6 19. b3 Bxc4 20. bxc4 Nf6 21. Bb2 Qc6 22. Bxf6 {[%emt 0:14:36] Weighted Error Value: White=0.06 (flawless) /Black=0.04 (flawless)} 1/2-1/2